 Dungeon Crawl Stone Soup version 0.28-a0-46-g7b1be97da7 (webtiles) character file.

Game seed: 8352874567079098263

74 sanka the Magician (level 4, -2/32 HPs)
             Began as a Gnoll Hedge Wizard on July 29, 2021.
             Was an Initiate of Ru.
             Slain by a quokka (4 damage)
             ... on level 2 of the Dungeon.
             The game lasted 00:02:23 (1516 turns).

sanka the Magician (Gnoll Hedge Wizard)             Turns: 1516, Time: 00:02:25

Health: -2/32      AC:  2    Str:  9    XL:     4   Next: 30%
Magic:  2/13       EV: 13    Int: 14    God:    Ru [......]
Gold:   46         SH:  0    Dex: 12    Spells: 9/17 levels left

rFire   + . .      SeeInvis .   l - +0 long sword
rCold   . . .      Faith    .   (no shield)
rNeg    . . .      Spirit   .   b - +0 robe
rPois   .          Reflect  .   c - +0 hat
rElec   .          Harm     .   (no cloak)
rCorr   .          Rampage  .   (no gloves)
Will    .....                   (no boots)
Stlth   ++........              (no amulet)
HPRegen 0.10/turn               (no ring)
MPRegen 0.13/turn               k - ring of protection from fire

@: lethally poisoned (-2 -> -9), flying
A: fangs 1, strong nose, distributed training
a: Renounce Religion


You were on level 2 of the Dungeon.
You worshipped Ru.
Ru was noncommittal.
You visited 1 branch of the dungeon, and saw 2 of its levels.

You collected 46 gold pieces.


Innate Abilities, Weirdness & Mutations

You have very sharp teeth.
Your uncanny sense of smell can sniff out nearby items.
Your experience applies equally to all skills.


   Skills:
 + Level 1.1 Fighting
 + Level 1.1 Short Blades
 + Level 1.1 Long Blades
 + Level 1.1 Axes
 + Level 1.1 Maces & Flails
 + Level 1.1 Polearms
 + Level 1.1 Staves
 + Level 1.1 Slings
 + Level 1.1 Bows
 + Level 1.1 Crossbows
 + Level 1.1 Throwing
 + Level 1.1 Armour
 + Level 4.6 Dodging
 + Level 4.2 Stealth
 + Level 1.1 Shields
 + Level 1.1 Unarmed Combat
 + Level 7.2 Spellcasting
 + Level 2.2 Conjurations
 + Level 0.8 Hexes
 + Level 2.2 Summonings
 + Level 0.8 Necromancy
 + Level 2.2 Translocations
 + Level 0.8 Transmutations
 + Level 0.8 Fire Magic
 + Level 0.8 Ice Magic
 + Level 0.8 Air Magic
 + Level 0.8 Earth Magic
 + Level 0.8 Poison Magic
 + Level 1.2 Invocations
 + Level 1.1 Evocations


You had 9 spell levels left.
You knew the following spells:

 Your Spells              Type           Power      Damage    Failure   Level
b - Blink                 Tloc           N/A        N/A       9%          2
c - Mephitic Cloud        Conj/Pois/Air  8%         N/A       24%         3
x - Call Imp              Summ           11%        N/A       9%          2
z - Magic Dart            Conj           44%        1d5       5%          1

Your spell library contained the following spells:

 Spells                   Type           Power      Damage    Failure   Level
 Slow                     Hex            7%         N/A       14%         2
 Conjure Flame            Conj/Fire      9%         6-21      22%         3

Inventory:

Hand Weapons
 a - a +0 dagger
 j - a +0 spear
 l - a +0 long sword (weapon)
Armour
 b - a +0 robe (worn)
 c - a +0 hat (worn)
Jewellery
 k - a ring of protection from fire (right hand)
Scrolls
 f - a scroll of teleportation {unknown}
 g - a scroll of immolation {unknown}
 i - a scroll of amnesia {unknown}
 m - a scroll of fear {unknown}
 n - a scroll of identify {unknown}
 o - a scroll of fog {unknown}
Potions
 d - a potion of ambrosia {unknown}
 e - a potion of flight
 h - a potion of brilliance {unknown}

Dungeon Overview and Level Annotations

Branches:
Dungeon (2/15)

Altars:
Ru

▒.......▒▒▒▒▒▒▒▒ ▒.▒ ▒.▒▒▒▒
▒.▒▒▒▒▒▒▒▒▒▒▒▒▒▒▒▒.▒ ▒.▒ ▒
▒.▒..............▒.▒ ▒.▒ ▒
▒.▒.▒▒.............▒▒▒▒ ▒.▒ ▒
▒.▒.▒▒................▒ ▒
▒.▒.▒▒................▒ ▒
▒.▒.▒▒................▒ +▒▒
▒.▒.▒▒...........r...)▒ ....
▒.▒.▒▒......†...g†K...▒▒▒▒.....
▒.▒.▒▒▒..........▒.............
▒.▒...'..........▒▒▒▒...†......
▒.▒..▒▒..........▒ ▒..........
▒.▒..▒▒..........▒ ▒▒▒▒.▒.....
▒....▒▒..........▒ .▒ ....
▒▒▒▒..+..........▒▒▒▒▒▒▒.▒ ...
▒▒▒▒................▒.▒ ..
▒▒▒▒▒▒▒▒'▒.▒▒▒▒▒.▒.▒ .


You could see a quokka and a kobold.


Message History

* * * LOW HITPOINT WARNING * * *
You are more poisoned.
The adder poisons you!
You closely miss the adder.
The adder is almost dead.
* * * LOW HITPOINT WARNING * * *
You feel very sick.
The quokka bites you but does no damage.
The adder bites you.
* * * LOW HITPOINT WARNING * * *
The quokka bites you but does no damage.
You hit the adder.
You kill the adder!
* * * LOW HITPOINT WARNING * * *
You feel very sick. The quokka bites you.
* * * LOW HITPOINT WARNING * * *
The kobold throws a stone.
The stone barely misses you. The quokka misses you.
Unknown command.
It was a potion of flight.
You feel very buoyant.
You fly up into the air.
* * * LOW HITPOINT WARNING * * *
You feel sick.
The kobold throws a stone.
The stone hits you but does no damage. The quokka bites you.
You die...

Action                   |  1- 3 |  4- 6 || total
-------------------------+-------+-------++-------
Melee: Long sword        |       |     7 ||     7
 Cast: Magic Dart        |    84 |     4 ||    88
  Use: Potion            |       |     1 ||     1
Armor: Robe              |     2 |     4 ||     6
Dodge: Dodged            |    12 |    10 ||    22
       Rpst.: Long sword |     1 |     1 ||     2

Levels and vault maps discovered:
D:1:      minmay_arrival_semitransparent, layout_basic
D:2:      layout_basic, chequers_ecumenical_altar_grove, basic_altar

Notes
Turn   | Place    | Note
-------+----------+-------------------------------------------
     0 | D:1      | sanka the Gnoll Hedge Wizard began the quest for the Orb.
     0 | D:1      | Reached XP level 1. HP: 13/13 MP: 8/8
   208 | D:1      | Reached skill level 2 in Conjurations
   208 | D:1      | Reached skill level 2 in Summonings
   208 | D:1      | Reached skill level 2 in Translocations
   279 | D:1      | Reached XP level 2. HP: 19/19 MP: 1/10
   282 | D:1      | Learned a level 2 spell: Call Imp
   285 | D:1      | Learned a level 2 spell: Blink
   593 | D:1      | Reached XP level 3. HP: 25/25 MP: 4/11
   736 | D:1      | Learned a level 3 spell: Mephitic Cloud
   964 | D:2      | Found a sacrificial altar of Ru.
  1021 | D:2      | Became a worshipper of Ru the Awakened
  1073 | D:2      | Reached skill level 1 in Invocations
  1192 | D:2      | Reached skill level 1 in Fighting
  1192 | D:2      | Reached skill level 1 in Short Blades
  1192 | D:2      | Reached skill level 1 in Long Blades
  1192 | D:2      | Reached skill level 1 in Axes
  1192 | D:2      | Reached skill level 1 in Maces & Flails
  1192 | D:2      | Reached skill level 1 in Polearms
  1192 | D:2      | Reached skill level 1 in Staves
  1192 | D:2      | Reached skill level 1 in Slings
  1192 | D:2      | Reached skill level 1 in Bows
  1192 | D:2      | Reached skill level 1 in Crossbows
  1192 | D:2      | Reached skill level 1 in Throwing
  1192 | D:2      | Reached skill level 1 in Armour
  1192 | D:2      | Reached skill level 1 in Shields
  1192 | D:2      | Reached skill level 1 in Unarmed Combat
  1192 | D:2      | Reached skill level 1 in Evocations
  1485 | D:2      | Reached XP level 4. HP: 28/32 MP: 2/13
  1515 | D:2      | HP: 3/32 [quokka (3)]
  1516 | D:2      | Slain by a quokka

Vanquished Creatures
  A gnoll (D:1)
  3 adders (D:2)
  2 dart slugs
  A ball python (D:1)
  2 bats
  An endoplasm (D:2)
  A giant cockroach (D:1)
  5 goblins
  3 hobgoblins (D:1)
  5 jackals (D:1)
  4 kobolds
  A quokka (D:2)
  A frilled lizard (D:1)
  A rat (D:1)
31 creatures vanquished.
